 Dungeon Crawl Stone Soup version 0.31-a0-177-g4aa6249778 (webtiles) character file.

Game seed: 3437815694332945531

1535 Jeffwins the Sneak (level 8, -8/54 HPs)
             Began as an Octopode Wanderer on June 19, 2023.
             Was an Initiate of Gozag.
             Mangled by an iguana (14 damage)
             ... on level 6 of the Dungeon.
             The game lasted 00:10:33 (5126 turns).

Jeffwins the Sneak (Octopode Wanderer)              Turns: 5126, Time: 00:10:34

Health: -8/54      AC:  1    Str: 11    XL:     8   Next: 86%
Magic:  13/13      EV: 14    Int: 14    God:    Gozag
Gold:   830        SH:  0    Dex: 14    Spells: 3/14 levels left

rFire   + . .        f - +6 mace
rCold   . . .        (no shield)
rNeg    . . .        b - +0 hat
rPois   .            (no amulet)
rElec   .            Y - +4 ring of slaying
rCorr   .            F - ring of protection from fire
SInv    .            (no ring)
Will    .....        (no ring)
Stlth   +++++        (no ring)
HPRegen 0.29/turn    (no ring)
MPRegen 0.13/turn    (no ring)
                     (no ring)

%: no passive effects
@: no status effects
A: almost no armour, amphibious, 8 rings, camouflage 1, gelatinous body 1,
(nimble swimmer 1), tentacles
a: Renounce Religion, Potion Petition, Call Merchant, Bribe Branch


You were on level 6 of the Dungeon.
You worshipped Gozag.
Gozag was pleased with you.
You visited 1 branch of the dungeon, and saw 7 of its levels.

You collected 830 gold pieces.


Innate Abilities, Weirdness & Mutations

You cannot wear most types of armour.
You are amphibious.
You can wear up to eight rings at the same time.
Your skin changes colour to match your surroundings (Stealth+).
Your rubbery body absorbs attacks. (AC +1, EV +1)
((You are camouflaged when in or above water. (Stealth+)))
You have tentacles for arms and can constrict up to eight enemies at once.


   Skills:
 + Level 3.7 Fighting
 - Level 1.0 Short Blades
 * Level 1.3 Maces & Flails
 + Level 0.0 Throwing
 + Level 3.7 Dodging
 + Level 7.7 Stealth
 + Level 3.6 Spellcasting
 * Level 3.3 Conjurations
 + Level 5.0 Translocations
 * Level 1.4 Fire Magic
 + Level 4.2 Evocations


You had 3 spell levels left.
You knew the following spells:

 Your Spells              Type           Power      Damage    Failure   Level
a - Apportation           Tloc           32%        N/A       2%          1
y - Sticky Flame          Conj/Fire      9%         2d3       58%         4
X - Momentum Strike       Conj/Tloc      28%        3d8       5%          2
Y - Manifold Assault      Tloc           16%        N/A       26%         4

Your spell library contained the following spells:

 Spells                   Type           Power      Damage    Failure   Level
 Necrotise                Necr           8%         1d4       21%         1
 Summon Small Mammal      Summ           8%         N/A       21%         1
 Flame Wave               Conj/Fire      9%         2d6       58%         4
 Orb of Destruction       Conj           6%         9d6       100%        7

Inventory:

Hand Weapons
 f - a +6 mace (weapon)
 h - a +1 dagger of draining
 m - a +1 short sword of freezing
 p - a +1 dagger of flaming
 t - the +0 dagger of Dullness {venom, *Slow rPois Str+6}
   (You found it on level 3 of the Dungeon)

   Str:       It affects your strength (+6).
   rPois:     It protects you from poison.
   *Slow:     It may slow you when you take damage.
 u - a +1 whip of holy wrath
Missiles
 B - 12 poisoned darts
 C - a curare-tipped dart {=f}
Armour
 b - a +0 hat (worn)
Magical Staves
 v - a staff of poison
Jewellery
 F - a ring of protection from fire (right tentacle)
 Y - a +4 ring of slaying (left tentacle)
Scrolls
 a - a scroll of vulnerability {unknown}
 c - 2 scrolls of butterflies
 d - 2 scrolls of fear {unknown}
 g - 3 scrolls of immolation {unknown}
 n - 2 scrolls of poison {unknown}
 o - a scroll of silence {!r}
 q - a scroll of amnesia
 s - a scroll of revelation {unknown}
 x - a scroll of fog
 y - a scroll of teleportation {@r4}
 A - 2 scrolls of identify {@r1}
Potions
 i - 4 potions of curing {@q1}
 j - 2 potions of resistance {unknown}
 k - a potion of enlightenment {unknown}
 l - 2 potions of ambrosia {unknown}
 r - a potion of degeneration {unknown}
 w - a potion of brilliance {unknown}
 z - a potion of lignification {unknown}

Dungeon Overview and Level Annotations

Branches:
Dungeon (7/15)
 Temple: D:4-7

Altars:
Gozag

............#
...........#
#..........#
#..........# $
#..........#
#..........#
#.ggl...=..#
#..g@......#
.......g.....|#
.....#.########
...# #. ## ..
###


You could see a gnoll bouda, an iguana and 3 gnolls.


Message History

Unknown command.
You close the door, pushing everything out of the way.
There is an open door here.
Things that are here:
a +0 whip; 4 stones
There is an open gate here.
There is a stone staircase leading down here.
You climb downwards.
The gnoll bouda shouts!
The gnoll shouts!
The iguana hisses angrily.
Found a scratched copper ring and a curved smoking staff.
There is a stone staircase leading up here.
You closely miss the gnoll. You grab the gnoll. You constrict the gnoll.
The gnoll hits you with a +0 club! The gnoll barely misses you.
The gnoll hits you with a +0 club. The gnoll hits you with a +0 flail.
The gnoll barely misses you. The iguana bites you.
The gnoll bouda calls upon its god to heal the gnoll.
The gnoll's wounds heal themselves!
As you read the scroll labelled ATIOFF TEZUEZ, it crumbles to dust.
Your body is wracked with pain!
* * * LOW HITPOINT WARNING * * *
The gnoll convulses! x2; The iguana convulses!
The gnoll convulses!
The gnoll bouda convulses!
It was a scroll of torment.
You constrict the gnoll, but do no damage.
The gnoll hits you with a +0 club.
* * * LOW HITPOINT WARNING * * *
The gnoll hits you with a +0 flail!
* * * LOW HITPOINT WARNING * * *
The iguana bites you!
You die...
Your body crumbles into a pile of gold.

Skill      XL: |  1  2  3  4  5  6  7  8 |
---------------+-------------------------+-----
Fighting       | 1 2 3 |  3.7
Dodging        | 1 2 3 |  3.7
Evocations     | 2 3 4 |  4.2
Stealth        | 6 7 |  7.7
Spellcasting   | 2 3 |  3.6
Conjurations   | 1 2 3 |  3.3
Translocations | 4 5 |  5.0
Fire Magic     | 1 |  1.4
Short Blades   | 1 |  1.0
Maces & Flails | |  1.3

Action                     |  1- 3 |  4- 6 |  7- 9 || total
---------------------------+-------+-------+-------++-------
  Melee: Mace              |    33 |       |     7 ||    40
         Constrict         |    13 |    19 |    18 ||    50
         Tentacles         |     5 |    18 |    22 ||    45
         Punch             |     1 |     1 |     1 ||     3
         Whip              |    11 |    17 |       ||    28
         Short sword       |       |    50 |    28 ||    78
         Dagger            |       |       |    45 ||    45
   Cast: Momentum Strike   |       |     1 |       ||     1
         Manifold Assault  |       |       |     1 ||     1
    Use: Potion            |       |       |     1 ||     1
         Scroll            |       |       |     5 ||     5
   Stab: Sleeping          |    10 |    17 |    10 ||    37
         Distracted        |     1 |     1 |     1 ||     3
 Armour: Skin              |     3 |     4 |     4 ||    11
  Dodge: Dodged            |    18 |    26 |    40 ||    84

Levels and vault maps discovered:
D:1:      scummos_arrival_forest, layout_basic,
          hellmonk_ecumenical_altar_crossroads
D:2:      layout_loops_cross, minmay_pentomino_u2, uniq_robin, uniq_natasha,
          uniq_jessica
D:3:      layout_basic, uniq_sigmund
D:4:      layout_loops_ring, uniq_duvessa, uniq_eustachio
D:5:      cheibrodos_fertilizer, layout_loops_corners,
          nicolae_ashenzari_skybound, ebering_ghost_sewer_d, uniq_blork_the_orc,
          uniq_crazy_yiuf_cottage
D:6:      layout_rooms, minmay_temple_entry_mist
D:7:      layout_basic, minmay_misc_feat_hallway, uniq_prince_ribbit1

Notes
Turn   | Place    | Note
-------+----------+-------------------------------------------
     0 | D:1      | Jeffwins the Octopode Wanderer began the quest for the Orb.
     0 | D:1      | Jeffwins set off with the following items: a +0 mace, a +0
                  | hat, a scroll of butterflies; and the following spell
                  | memorised: Apportation; and the following spells available
                  | to memorise: Momentum Strike, Manifold Assault.
     0 | D:1      | Reached XP level 1. HP: 11/11 MP: 2/2
    41 | D:1      | Found a faded altar of an unknown god.
   108 | D:1      | Prayed at the altar of an unknown god.
   108 | D:1      | Became a worshipper of Gozag Ym Sagoz the Greedy
   150 | D:1      | Reached XP level 2. HP: 13/18 MP: 3/3
   532 | D:1      | Reached XP level 3. HP: 20/22 MP: 4/4
   729 | D:2      | Noticed Jessica
   809 | D:2      | Killed Jessica
   810 | D:2      | Reached skill level 1 in Fighting
   810 | D:2      | Reached skill level 1 in Dodging
   810 | D:2      | Reached XP level 4. HP: 26/28 MP: 6/6
   813 | D:2      | Noticed Natasha
   817 | D:2      | Noticed Robin
   988 | D:2      | Killed Natasha
   989 | D:2      | Reached skill level 2 in Evocations
  1477 | D:2      | Killed Robin
  1481 | D:2      | Reached XP level 5. HP: 16/33 MP: 7/7
  1482 | D:2      | Reached skill level 6 in Stealth
  1930 | D:3      | Identified a +0 robe of the Archmagi
  1930 | D:3      | Noticed Sigmund
  1935 | D:3      | Learned a level 2 spell: Momentum Strike
  1940 | D:3      | Learned a level 4 spell: Manifold Assault
  1953 | D:3      | Killed Sigmund
  1954 | D:3      | Reached skill level 2 in Fighting
  1954 | D:3      | Reached skill level 2 in Dodging
  1954 | D:3      | Reached skill level 2 in Spellcasting
  1954 | D:3      | Reached skill level 1 in Conjurations
  1954 | D:3      | Reached XP level 6. HP: 12/39 MP: 6/9
  2229 | D:3      | Identified the +0 dagger of Dullness {venom, *Slow rPois
                  | Str+6}
  2759 | D:4      | Reached skill level 4 in Translocations
  2881 | D:4      | Reached skill level 3 in Evocations
  2881 | D:4      | Reached XP level 7. HP: 45/45 MP: 10/10
  2972 | D:4      | HP: 3/45 [gnoll bouda/+0 club (6)]
  3265 | D:4      | Noticed Duvessa
  3265 | D:4      | Noticed Dowan
  3291 | D:4      | Killed Duvessa
  3292 | D:4      | Reached skill level 2 in Conjurations
  3296 | D:4      | HP: 4/44 [Dowan/+1 dagger of draining (4)]
  3298 | D:4      | Killed Dowan
  3523 | D:4      | Reached skill level 3 in Spellcasting
  3600 | D:4      | Noticed Eustachio
  3607 | D:4      | Killed Eustachio
  3608 | D:4      | Reached skill level 3 in Fighting
  3608 | D:4      | Reached skill level 3 in Dodging
  3608 | D:4      | Reached skill level 7 in Stealth
  3624 | D:4      | You fall into a shaft and drop 3 floors!
  3781 | D:7      | Reached XP level 8. HP: 52/52 MP: 12/12
  3823 | D:5      | Entered Level 5 of the Dungeon
  4300 | D:5      | Got Ereshkigal's Directory of Injury
  4346 | D:5      | Learned a level 4 spell: Sticky Flame
  4350 | D:5      | Reached skill level 4 in Evocations
  4589 | D:5      | Reached skill level 3 in Conjurations
  4765 | D:5      | Reached skill level 5 in Translocations
  4765 | D:5      | Reached skill level 1 in Fire Magic
  5030 | D:5      | Reached skill level 1 in Short Blades
  5094 | D:5      | Noticed a slime creature
  5126 | D:6      | Mangled by an iguana

Vanquished Creatures
  Sigmund (D:3)
  Eustachio (D:4)
  Duvessa (D:4)
  A water moccasin (D:6)
  2 black bears
  A centaur (D:4)
  5 kobold brigands (D:5)
  2 scorpions (D:4)
  Dowan (D:4)
  A gnoll bouda (D:4)
  A hound (D:5)
  Jessica (D:2)
  Natasha (D:2)
  Robin (D:2)
  3 gnolls (D:4)
  An adder (D:3)
  An ufetubus (D:5)
  2 worms
  3 dart slugs
  4 orcs (D:3)
  4 ball pythons
  5 endoplasms
  6 giant cockroaches
  14 goblins
  14 hobgoblins
  3 jackals (D:1)
  12 kobolds
  3 quokkas
  A bat (D:1)
  A frilled lizard (D:2)
  5 rats
102 creatures vanquished.

Table legend: (Time is in decaauts)
 A = Elapsed time spent in this place.
 B = Non-inter-level travel time spent in this place.
 C = Inter-level travel time spent in this place.
 D = Time resting spent in this place.
 E = Time spent auto-exploring this place.
 F = Levels seen in this place.
 G = Mean time per level.
                   A        B        C        D        E       F      G
               +--------+--------+--------+--------+--------+-----+--------+
         Total |   5146 |   4919 |    227 |    151 |   3826 |   7 |  735.1 |
       Dungeon |   5146 |   4919 |    227 |    151 |   3826 |   7 |  735.1 |
               +--------+--------+--------+--------+--------+-----+--------+

Top non-repeatable levels by time:
     D:4: 1159 daAuts
     D:5: 1023 daAuts
     D:2: 976 daAuts
     D:3: 947 daAuts
     D:1: 839 daAuts
     D:7: 181 daAuts
     D:6: 18 daAuts

Table legend:
 A = Non-vault XP
 B = Vault XP
 C = Vault XP percentage of total XP
 D = Non-vault monster count
 E = Vault monster count
 F = Vault count percentage of total count
                 A         B        C        D         E       F
            +---------+---------+-------+---------+---------+-------
      Total |     949 |    1245 |  56.7 |      74 |      28 |  27.5
            +---------+---------+-------+---------+---------+-------
        D:1 |      38 |       0 |   0.0 |      20 |       0 |   0.0
        D:2 |      34 |     114 |  77.0 |      17 |      16 |  48.5
        D:3 |      38 |     239 |  86.3 |      12 |       1 |   7.7
        D:4 |     515 |     405 |  44.0 |      21 |       3 |  12.5
        D:5 |      48 |     487 |  91.0 |       2 |       8 |  80.0
        D:6 |     145 |       0 |   0.0 |       1 |       0 |   0.0
        D:7 |     131 |       0 |   0.0 |       1 |       0 |   0.0
            +---------+---------+-------+---------+---------+-------
